 Dungeon Crawl Stone Soup version 0.23.2-1-ga50397a (webtiles) character file.

Game seed: 4836974840990212477

314 MajorAdolf the Covert (level 6, -4/85 HPs)
             Began as a Naga Wanderer on Apr 21, 2019.
             Slain by a sky beast (5 damage)
             ... on level 5 of the Dungeon.
             The game lasted 00:15:31 (4324 turns).

MajorAdolf the Covert (Naga Wanderer)               Turns: 4324, Time: 00:15:32

Health: -4/85      AC:  2    Str: 21    XL:     6   Next: 43%
Magic:  6/6        EV:  9    Int: 12    God:
Gold:   181        SH:  0    Dex: 11    Spells: 5/5 levels left

rFire    . . .     SeeInvis +   s - +0 quarterstaff
rCold    . . .     Gourm    .   (shield currently unavailable)
rNeg     . . .     Faith    .   (no armour)
rPois    +         Spirit   .   (no helmet)
rElec    .         Reflect  .   (no cloak)
rCorr    .         Harm     .   (no gloves)
MR       .....                  (no barding)
Stlth    ..........             (no amulet)
HPRegen  0.24/turn              (no ring)
MPRegen  0.10/turn              (no ring)

@: berserking, quick
A: large, see invisible, deformed body, poison resistance, slowness 2, slow
metabolism 1, spit poison 1, AC +2
a: Spit Poison


You were on level 5 of the Dungeon.
You were not hungry.

You visited 1 branch of the dungeon, and saw 5 of its levels.

You collected 181 gold pieces.

Inventory:

Hand Weapons
 a - a +2 dagger
 p - a +1 dagger of holy wrath
 s - a +0 quarterstaff (weapon)
 z - a +0 war axe
Missiles
 q - 3 javelins (quivered)
 v - 2 tomahawks
Armour
 e - a +0 robe
Jewellery
 y - an uncursed ring of poison resistance {unknown}
Wands
 x - a wand of disintegration (8)
Scrolls
 c - 2 scrolls of teleportation
 d - a scroll of blinking {unknown}
 h - 3 scrolls of remove curse
 l - a scroll of fog {unknown}
 m - 2 scrolls of magic mapping {unknown}
 r - 2 scrolls of enchant armour {unknown}
 w - 2 scrolls of immolation {unknown}
 C - a scroll of identify
Potions
 g - 2 potions of curing {unknown}
 i - a potion of flight
 j - 2 potions of lignification
 k - a potion of magic
 n - a potion of haste {unknown}
 o - a potion of mutation
 t - a potion of degeneration {unknown}
 u - 2 potions of ambrosia {unknown}
 A - a potion of might {unknown}
Comestibles
 f - 6 rations
 B - a chunk of flesh


   Skills:
 + Level 4.1 Fighting
 + Level 0.5 Axes
 - Level 3.0 Staves
   Level 1.0 Bows
 - Level 1.0 Armour
 - Level 1.0 Dodging
 - Level 8.0 Stealth
 - Level 1.0 Evocations


You had 5 spell levels left.
You didn't know any spells.
Your spell library was empty.

Dungeon Overview and Level Annotations

Branches:
Dungeon (5/15)
 Temple: D:4-7

Altars:
Sif Muna


Innate Abilities, Weirdness & Mutations

You cannot wear boots.
Your serpentine skin is tough. (AC +2)
You have supernaturally acute eyesight. (SInv)
Armour fits poorly on your strangely shaped body.
Your system is resistant to poisons. (rPois)
You cover ground very slowly.
You have a slow metabolism.
You can spit poison.


Message History

The splash of poison hits the sky beast but does no damage.
The sky beast looks even sicker.
The sky beast is almost dead.
You feel slightly more hungry.
The sky beast flickers out of sight for a moment.
The sky beast closely misses you.
Unknown command.
You hit the sky beast but do no damage.
The sky beast is almost dead.
The sky beast hits you.
* * * LOW HITPOINT WARNING * * *
The sky beast shocks you.
* * * LOW HITPOINT WARNING * * *
A red film seems to cover your vision as you go berserk!
You feel yourself moving faster!
You feel mighty!
You have got your breath back.
The sky beast hits you.
* * * LOW HITPOINT WARNING * * *
The sky beast shocks you.
You die...

.# .# # #. <#.# #. .#.
#. .. #.##.###### #
#...Y......
#.##.@################
#.....................
####..################
#..# ####


You could see a sky beast (invisible).

Vanquished Creatures
  A bullfrog (D:3)
  2 orc wizards (D:3)
  A hound skeleton (D:5)
  9 adders
  An adder zombie (D:5)
  6 worms
  3 leopard geckos
  5 orcs
  7 giant cockroaches
  7 goblins
  7 hobgoblins
  7 jackals
  7 kobolds
  2 quokkas
  7 bats
  12 frilled lizards
  3 rats
87 creatures vanquished.

Notes
Turn   | Place    | Note
-------+----------+-------------------------------------------
     0 | D:1      | MajorAdolf the Naga Wanderer began the quest for the Orb.
     0 | D:1      | MajorAdolf set off with the following items: a +2 dagger, a
                  | potion of berserk rage, a scroll of teleportation, a +0
                  | quarterstaff, a +0 robe, a ration
     0 | D:1      | Reached XP level 1. HP: 19/19 MP: 1/1
     7 | D:1      | Reached skill level 2 in Stealth
   288 | D:1      | Reached skill level 3 in Stealth
   338 | D:1      | Reached XP level 2. HP: 22/26 MP: 2/2
   562 | D:1      | Reached skill level 4 in Stealth
   821 | D:1      | Reached XP level 3. HP: 16/32 MP: 3/3
  1409 | D:2      | Reached skill level 5 in Stealth
  1563 | D:2      | Reached skill level 6 in Stealth
  1563 | D:2      | Reached XP level 4. HP: 23/39 MP: 4/4
  2264 | D:2      | Reached skill level 7 in Stealth
  2688 | D:3      | Reached XP level 5. HP: 40/45 MP: 5/5
  3039 | D:3      | Reached skill level 8 in Stealth
  3291 | D:3      | Found a deep blue altar of Sif Muna.
  3554 | D:3      | Reached XP level 6. HP: 49/57 MP: 6/6
  4156 | D:5      | Entered Level 5 of the Dungeon
  4311 | D:5      | Noticed a sky beast
  4323 | D:5      | HP: 1/57 [sky beast (6)]
  4324 | D:5      | Slain by a sky beast

Skill      XL: |  1  2  3  4  5  6 |
---------------+-------------------+-----
Stealth        | 3 4 6 7 8 |  8.0
Fighting       | 3 4 |  4.1
Axes           | |  0.5
Staves         | |  3.0
Bows           | |  1.0
Armour         | |  1.0
Dodging        | |  1.0
Evocations     | |  1.0

Action                   |  1- 3 |  4- 6 || total
-------------------------+-------+-------++-------
Melee: Quarterstaff      |    53 |    90 ||   143
 Abil: Spit Poison       |    27 |    64 ||    91
  Use: Scroll            |       |     5 ||     5
       Potion            |       |     1 ||     1
 Stab: Sleeping          |     1 |     4 ||     5
  Eat: Chunk             |     2 |    12 ||    14
Armor: Skin              |     3 |     8 ||    11
Dodge: Dodged            |    43 |    44 ||    87
